 Dungeon Crawl Stone Soup version 0.20-a0-903-g7e3609c (webtiles) character file.

1535 AlphabetPasta the Cudgeler (level 8, -5/48 HPs)
             Began as a Gargoyle Warper on Mar 20, 2017.
             Was a Believer of Makhleb.
             Killed by divine providence
             ... invoked by an orc priest
              (11 damage)
             ... on level 7 of the Dungeon.
             The game lasted 00:34:42 (7086 turns).

AlphabetPasta the Cudgeler (Gargoyle Warper)        Turns: 7086, Time: 00:34:44

Health: -5/48      AC: 17    Str: 15    XL:     8   Next: 86%
Magic:  13/13      EV: 10    Int: 15    God:    Makhleb [**....]
Gold:   412        SH:  2    Dex: 10    Spells: 4/14 levels left

rFire    . . .     SeeInvis .   y - +0 morningstar
rCold    + . .     Gourm    .   m - +3 scale mail of Integrity {rElec}
rNeg     + . .     Faith    .   (no shield)
rPois    ∞         Spirit   .   (no helmet)
rElec    +         Reflect  +   D - scarf {rC+}
rCorr    +         Harm     .   l - +1 pair of gloves
MR       .....                  (no boots)
Stlth    ..........             n - +2 amulet of reflection
Regen    0.2/turn               (no ring)
MPRegen  0.2/turn               x - ring of resist corrosion

@: very slightly contaminated, invisible
A: negative energy resistance 1, electricity resistance, unbreathing,
petrification resistance, rot immunity, AC +5
a: Minor Destruction, Renounce Religion


You were on level 7 of the Dungeon.
You worshipped Makhleb.
Makhleb was pleased with you.
You were not hungry.

You visited 2 branches of the dungeon, and saw 8 of its levels.

You collected 412 gold pieces.

Inventory:

Hand Weapons
 a - a +0 mace
 v - a +1 flail
 y - a +0 morningstar (weapon)
Missiles
 e - 5 tomahawks of dispersal
 j - 5 tomahawks of returning (quivered)
 p - 14 tomahawks
 s - 68 bolts
 E - 2 javelins
Armour
 k - a +0 ring mail
 l - a +1 pair of gloves (worn)
 m - the +3 scale mail of Integrity (worn) {rElec}
   (You found it on level 5 of the Dungeon)

   It insulates you from electricity.
 A - a +0 cloak
 D - a scarf of cold resistance (worn)
Jewellery
 n - a +2 amulet of reflection (around neck)
 x - a ring of resist corrosion (left hand)
 C - an uncursed ring of protection from magic {unknown}
Wands
 h - a wand of enslavement (10/24)
Scrolls
 d - 2 scrolls of blinking
 g - 3 scrolls of amnesia
 o - a scroll of magic mapping
 t - 3 scrolls of remove curse
 z - a scroll of identify
Potions
 i - 2 potions of curing
 r - 2 potions of agility
 u - 3 potions of brilliance
 w - a potion of heal wounds
Books
 c - a book of Spatial Translocations

   Spells                             Type                      Level
   a - Blink                          Translocation                2
   b - Shroud of Golubria             Charms/Translocation         2
   c - Lesser Beckoning               Translocation                3
   d - Gell's Gravitas                Translocation                3
   e - Teleport Other                 Translocation                3
   f - Passage of Golubria            Translocation                4
Comestibles
 f - 3 bread rations
 q - 3 fruits
 B - 5 chunks of flesh
 F - a meat ration


   Skills:
 + Level 4.1 Fighting
 * Level 5.3 Maces & Flails
 - Level 0.8 Throwing
 * Level 5.2 Armour
 - Level 1.9 Dodging
   Level 2.0 Shields
 + Level 3.8 Spellcasting
 * Level 5.3 Translocations
 + Level 2.5 Evocations


You had 4 spell levels left.
You knew the following spells:

 Your Spells              Type           Power        Failure   Level  Hunger
a - Blink                 Tloc           N/A          14%         2    ##.....
b - Shroud of Golubria    Chrm/Tloc      ##........   34%         2    ##.....
c - Gell's Gravitas       Tloc           ###.......   24%         3    ###....
d - Lesser Beckoning      Tloc           ###.......   24%         3    ###....


Dungeon Overview and Level Annotations

Branches:
Dungeon (7/15)             Temple (1/1) D:4

Altars:
Ashenzari
Cheibriados
Dithmenos
Fedhas
Gozag
Hepliaklqana
Kikubaaqudgha
Makhleb
Nemelex Xobeh
Okawaru
Qazlal
Ru
Sif Muna
Trog
Vehumet
Wu Jian
Xom
Yredelemnul
Zin
The Shining One

Annotations:
D:3 RebelPilot's ghost, amateur GrFi
D:4 TroubleDarcy's ghost, amateur GrBe
D:5 crawlisdead's ghost, novice DsCK
D:6 exclusion: statue


Innate Abilities, Weirdness & Mutations

You are resistant to torment.
Your stone body is resilient. (AC +5)
You are immune to poison.
You resist negative energy. (rN+)
You are resistant to electric shocks. (rElec)
You can survive without breathing.
You are immune to petrification.
You are immune to rotting.


Message History

Okay, then.
You fade into invisibility!
The orc priest invokes the aid of Beogh against you.
Beogh smites you!
You are very lightly contaminated with residual magic.
The orc wizard gestures at you while chanting.
The magic dart hits you!
You hit the ogre.
The ogre is lightly wounded.
The ogre hits you with a giant spiked club.
The orc priest hits you.
A giant cockroach comes into view.
You thump the ogre!
The ogre is heavily wounded.
The ogre hits you with a giant spiked club!
* * * LOW HITPOINT WARNING * * *
The orc wizard points at something and mumbles some strange words.
The orc priest mumbles some strange prayers to Beogh against you.
Beogh smites you!
You die...

........# .#
........# ... #
........# ....
#..
........###...
#..
....o...#...#
#..#
...........#
#...###
.......Oo.#
#...##
....n..@..#
#...
..........#
#...
..s..o....##
##...
...........#
#....
...........##
##.###
............#
##.## #
............#
###.##
.............##
#..##
..............#
#..#


You could see an ogre, a necrophage, an orc priest, 2 orc wizards and a giant
cockroach (wandering).

Vanquished Creatures
  A phantom (D:7)
  2 centaurs (D:5)
  2 bullfrogs (D:6)
  2 scorpions (D:6)
  A howler monkey (D:6)
  3 crimson imps
  A bullfrog zombie (D:5)
  2 hounds
  2 orc priests (D:7)
  3 orc wizards (D:5)
  A centaur skeleton (D:7)
  2 iguanas
  Jessica (D:2)
  Terence (D:3)
  9 worker ants
  A hound zombie (D:7)
  A hound skeleton (D:7)
  10 gnolls
  5 adders
  A shadow imp (D:5)
  An ooze (D:1)
  An adder zombie (D:6)
  2 adder skeletons (D:4)
  A worm (D:3)
  4 dart slugs
  3 leopard geckos
  16 orcs
  A ball python (D:7)
  3 bats
  9 giant cockroaches
  8 goblins
  5 hobgoblins
  8 jackals
  5 kobolds
  4 quokkas
  3 frilled lizards
  2 giant cockroach zombies (D:6)
  11 rats
138 creatures vanquished.

Vanquished Creatures (collateral kills)
  A scorpion (D:4)
1 creature vanquished.

Grand Total: 139 creatures vanquished

Notes
Turn   | Place    | Note
-------+----------+-------------------------------------------
     0 | D:1      | AlphabetPasta the Gargoyle Warper began the quest for the Orb.
     0 | D:1      | Reached XP level 1. HP: 12/12 MP: 3/3
   277 | D:1      | Reached XP level 2. HP: 10/17 MP: 5/5
   468 | D:1      | Learned a level 2 spell: Blink
   471 | D:1      | Learned a level 2 spell: Shroud of Golubria
   885 | D:1      | Reached XP level 3. HP: 21/22 MP: 6/6
  1044 | D:1      | You fall through a shaft!
  1059 | D:2      | Learned a level 2 spell: Shroud of Golubria
  1446 | D:2      | Found an opulent altar of Gozag.
  1602 | D:2      | Noticed Jessica
  1618 | D:2      | Killed Jessica
  1618 | D:2      | Reached XP level 4. HP: 12/27 MP: 3/7
  1794 | D:2      | Reached skill level 1 in Shields
  2188 | D:3      | Noticed Terence
  2204 | D:3      | Killed Terence
  2204 | D:3      | Reached XP level 5. HP: 26/32 MP: 2/8
  2656 | D:2      | Found a snail-covered altar of Cheibriados.
  2697 | D:3      | Noticed RebelPilot's ghost (amateur GrFi)
  2801 | D:4      | Found a staircase to the Ecumenical Temple.
  2808 | Temple   | Entered the Ecumenical Temple
  2848 | Temple   | Became a worshipper of Makhleb the Destroyer
  2939 | D:4      | Reached XP level 6. HP: 24/36 MP: 8/10
  3160 | D:4      | Noticed TroubleDarcy's ghost (amateur GrBe)
  3280 | D:4      | Learned a level 3 spell: Gell's Gravitas
  3284 | D:4      | Learned a level 3 spell: Lesser Beckoning
  3507 | D:4      | Found a blossoming altar of Fedhas.
  3507 | D:4      | Found a deep blue altar of Sif Muna.
  3507 | D:4      | Found a shattered altar of Ashenzari.
  3519 | D:4      | Found an ancient bone altar of Kikubaaqudgha.
  3523 | D:4      | Found a glowing silver altar of Zin.
  4536 | D:5      | Entered Level 5 of the Dungeon
  4661 | D:5      | Reached skill level 1 in Evocations
  4661 | D:5      | Reached XP level 7. HP: 27/41 MP: 11/11
  4670 | D:5      | Got a jewelled scale mail
  4752 | D:5      | Identified the +3 scale mail of Integrity {rElec} (You found it on level 5 of the Dungeon)
  4871 | D:5      | Noticed crawlisdead's ghost (novice DsCK)
  5006 | D:5      | Reached * piety under Makhleb
  6064 | D:6      | Reached XP level 8. HP: 44/46 MP: 12/12
  6366 | D:6      | Found a radiant altar of Vehumet.
  6425 | D:6      | Reached skill level 5 in Translocations
  6483 | D:6      | Reached skill level 5 in Maces & Flails
  6796 | D:7      | Reached skill level 5 in Armour
  7047 | D:7      | Reached ** piety under Makhleb
  7086 | D:7      | Killed from afar by an orc priest

Vault maps used:
D:1:      dpeg_arrival_rooms_a
D:2:      lemuel_upstairs_altar, nicolae_overflow_crystal_walls, uniq_jessica
D:3:      uniq_terence
D:4:      minmay_overflow_temple_star_hex, minmay_temple_entry_glassed_door,
          first_bread, minmay_bent
D:5:      st_stairs_1
D:6:      vehumet_statue
D:7:      chequers_temple_overflow_statue_of_worship, grunt_ministairs_7
Temple:   cyrus_circular_temple

Skill      XL: |  1  2  3  4  5  6  7  8 |
---------------+-------------------------+-----
Translocations | 3 4 5 |  5.3
Maces & Flails | 3 4 5 |  5.3
Shields        | 1 2 |  2.0
Armour         | 2 3 5 |  5.2
Fighting       | 3 4 |  4.1
Evocations     | 1 2 |  2.5
Spellcasting   | 3 |  3.8
Throwing       | |  0.8
Dodging        | |  1.9

Action                   |  1- 3 |  4- 6 |  7- 9 || total
-------------------------+-------+-------+-------++-------
Melee: Mace              |   103 |    63 |       ||   166
       Flail             |       |   205 |   116 ||   321
       Morningstar       |       |       |   184 ||   184
 Cast: Shroud of Golubri |     2 |     4 |       ||     6
  Use: Scroll            |     6 |    10 |     6 ||    22
       Potion            |       |     3 |     3 ||     6
 Stab: Invisible         |       |     4 |       ||     4
  Eat: Chunk             |     2 |     9 |     8 ||    19
       Royal jelly       |       |     1 |       ||     1
       Fruit             |       |       |     1 ||     1
Armor: Leather armour    |    22 |       |       ||    22
       Ring mail         |    22 |   118 |    16 ||   156
       Scale mail        |       |       |   163 ||   163
Dodge: Dodged            |    53 |   183 |   216 ||   452
Block: Other             |     4 |    18 |    23 ||    45
       Reflection        |       |     1 |       ||     1
